 Dungeon Crawl Stone Soup version 0.20.0-15-g7f486f2 (webtiles) character file.

41 Extreminator the Conjurer (level 3, -1/19 HPs)
             Began as a Deep Elf Conjurer on June 10, 2017.
             Slain by mrks's ghost (15 damage)
             ... on level 3 of the Dungeon.
             The game lasted 00:14:41 (1736 turns).

Extreminator the Conjurer (Deep Elf Conjurer)       Turns: 1736, Time: 00:14:41

Health: -1/19      AC:  2    Str:  5    XL:     3   Next: 32%
Magic:  3/10       EV: 13    Int: 20    God:
Gold:   53         SH:  0    Dex: 15    Spells: 6/9 levels left

rFire    . . .     SeeInvis .   n - +0 dagger
rCold    . . .     Gourm    .   (no shield)
rNeg     . . .     Faith    .   r - +0 robe
rPois    .         Spirit   .   (no helmet)
rElec    .         Reflect  .   (no cloak)
rCorr    .         Harm     .   (no gloves)
MR       .....                  (no boots)
Stlth    ++........             (no amulet)
Regen    0.1/turn               (no ring)
MPRegen  0.2/turn               (no ring)

@: no status effects
A: no striking features
a: no special abilities


You were on level 3 of the Dungeon.
You were hungry.

You visited 1 branch of the dungeon, and saw 3 of its levels.

You collected 53 gold pieces.

Inventory:

Hand Weapons
 g - a +0 whip
 n - a +0 dagger (weapon)
 o - a +0 short sword
Missiles
 i - 83 stones (quivered)
Armour
 a - a +0 robe
 d - a +0 leather armour
 e - a +1 leather armour of fire resistance
 k - a +0 ring mail
 r - a +0 robe (worn)
 u - a +0 ring mail
Scrolls
 q - a scroll of remove curse {unknown}
 s - a scroll of amnesia {unknown}
 t - 2 scrolls of teleportation {unknown}
Potions
 h - a potion of ambrosia {unknown}
 j - a potion of mutation {unknown}
 m - a potion of magic {unknown}
 p - a potion of heal wounds {unknown}
 w - a potion of brilliance {unknown}
 z - a potion of flight {unknown}
Books
 b - a book of Conjurations

   Spells                             Type                      Level
   a - Magic Dart                     Conjuration                  1
   b - Searing Ray                    Conjuration                  2
   c - Dazzling Spray                 Conjuration/Hexes            3
   d - Fulminant Prism                Conjuration/Hexes            4
   e - Force Lance                    Conjuration/Translocation    4
   f - Iskenderun's Mystic Blast      Conjuration                  4
Comestibles
 c - 3 bread rations
 v - 2 chunks of flesh
 x - 3 fruits


   Skills:
 * Level 0.2 Short Blades
 + Level 0.7 Armour
 + Level 2.5 Dodging
 + Level 2.6 Stealth
 + Level 3.5 Spellcasting
 + Level 5.0 Conjurations


You had 6 spell levels left.
You knew the following spells:

 Your Spells              Type           Power        Failure   Level  Hunger
a - Magic Dart            Conj           ###.         1%          1    None
b - Searing Ray           Conj           ###...       2%          2    ##.....


Dungeon Overview and Level Annotations

Branches:
Dungeon (3/15)

Altars:

Annotations:
D:3 mrks's ghost, weakling MiFi


Message History

Mrks's ghost closely misses you.
The searing ray hits mrks's ghost.
Mrks's ghost is heavily damaged.
You finish channeling your searing ray.
Mrks's ghost barely misses you.
As you read the scroll labeled GITUKUYWKA, it crumbles to dust.
You hear a loud clanging noise!
It was a scroll of noise.
You hear a shout! x2; You hear an angry hiss.
Mrks's ghost barely misses you.
As you read the scroll labeled AHITHE FOWK, it crumbles to dust.
The scroll dissolves into smoke.
It was a scroll of fog.
Mrks's ghost barely misses you.
You hit mrks's ghost.
Mrks's ghost is heavily damaged.
Mrks's ghost hits you.
You hit mrks's ghost but do no damage.
Mrks's ghost is heavily damaged.
Mrks's ghost hits you!
Ouch! That really hurt!
You die...

### ..# ..## ...#### ##
.§....$
....###########§§.# ..
..<#.##.....§@W§§§.#
....##.........§§§§§§....#
....##..##.......§§.####.#
....##..##..........#
#.#.##..##..........#
#.#.................#
#...##................
#...##.#............##
....##.#..#########.#


You could see mrks's ghost.

Vanquished Creatures
  2 adders (D:2)
  A leopard gecko (D:2)
  A ball python (D:1)
  3 giant cockroaches
  A goblin (D:1)
  2 hobgoblins
  A bat (D:1)
  2 frilled lizards
  3 kobolds
  7 rats
23 creatures vanquished.

Notes
Turn   | Place    | Note
-------+----------+-------------------------------------------
     0 | D:1      | Extreminator the Deep Elf Conjurer began the quest for the Orb.
     0 | D:1      | Reached XP level 1. HP: 10/10 MP: 6/6
   500 | D:1      | Reached XP level 2. HP: 15/15 MP: 6/8
   510 | D:1      | Learned a level 2 spell: Searing Ray
  1033 | D:2      | Reached skill level 5 in Conjurations
  1033 | D:2      | Reached XP level 3. HP: 15/19 MP: 5/10
  1724 | D:3      | Noticed mrks's ghost (weakling MiFi)
  1736 | D:3      | Slain by mrks's ghost

Skill      XL: |  1  2 |
---------------+-------+-----
Conjurations   | 5 |  5.0
Short Blades   | |  0.2
Armour         | |  0.7
Dodging        | |  2.5
Stealth        | |  2.6
Spellcasting   | |  3.5

Action                   || total
-------------------------++-------
Melee: Whip              ||     2
       Dagger            ||     2
 Cast: Magic Dart        ||    28
       Searing Ray       ||     8
  Use: Scroll            ||     3
  Eat: Chunk             ||     2
Armor: Leather armour    ||     1
Dodge: Dodged            ||     5
